Map: Prion Terraces

Players

Grumm - Winner!

  • Race: Protoss Protoss
  • League: Gold

BeastlyGL

  • Race: Terran Terran
  • League: Gold

VOD

Have the link to the VOD?

Description

Time

  • Played on: Feb. 12, 2016, 12:33 p.m.
  • Length: 7:25
Show
View Real Time Build Order
Export as new Build Order

Grumm Protoss - Winner!

Build Orders:  

Get SALT Encoding   

  12  0:01  Probe (Chrono Boost)  
  13  0:15  Pylon  
  13  0:18  Probe (Chrono Boost)  
  14  0:30  Probe (Chrono Boost)  
  14  0:35  Gateway  
  15  0:41  Probe (Chrono Boost)  
  16  0:51  Gateway  
  16  0:53  Probe (Chrono Boost)  
  17  1:01  Assimilator  
  17  1:04  Probe (Chrono Boost)  
  18  1:10  Assimilator  
  18  1:45  Probe (Chrono Boost)  
  19  1:47  Zealot x2  
  19  1:51  Cybernetics Core  
  22  1:56  Probe (Chrono Boost)  
  23  2:08  Nexus  
  23  2:23  Pylon  
  23  2:29  Warp Gate (Chrono Boost)  
  23  2:39  Robotics Facility  
  23  2:45  Probe (Chrono Boost)  
  24  2:56  Probe  
  25  2:58  Stalker  
  25  3:09  Mothership Core  
  27  3:27  Warp Prism  
  25  3:36  Stalker  
  25  3:37  Probe  
  28  3:46  Adept  
  30  3:50  Probe  
  30  3:51  Probe  
  32  4:31  Probe  
  30  4:32  Probe  
  32  4:44  Probe  
  33  4:50  Immortal  
  37  4:56  Adept  
  37  4:57  Adept  
  35  5:25  Probe, Stalker  
  35  5:26  Zealot  
  35  5:27  Probe  
  41  5:31  Gateway  
  41  5:33  Gateway  
  41  5:36  Pylon, Probe  
  41  5:39  Probe  
  41  5:40  Pylon  
  43  5:43  Pylon  
  43  5:46  Probe  
  43  5:47  Pylon  
  44  5:51  Probe  
  45  5:59  Forge  
  45  6:23  Stalker  
  45  6:24  Stalker  
  49  6:36  Immortal  
  49  6:49  Stalker x4  
  49  6:50  Probe  
  49  6:51  Probe  
  53  7:12  Zealot  
  53  7:13  Zealot x3  
Show
View Real Time Build Order
Export as new Build Order

BeastlyGL Terran 

Build Orders: Reaper Expand 

Get SALT Encoding   

  12  0:01  SCV  
  13  0:13  SCV  
  14  0:18  Supply Depot  
  14  0:25  SCV  
  15  0:35  Refinery  
  15  0:40  SCV  
  16  0:45  Barracks  
  16  0:52  SCV  
  18  1:04  SCV  
  18  1:16  SCV  
  19  1:47  Orbital Command, Reaper  
  20  1:54  Command Center  
  20  2:03  Factory  
  20  2:13  SCV  
  21  2:16  Refinery  
  21  2:20  Barracks Reactor  
  21  2:25  SCV  
  22  2:30  Supply Depot  
  22  2:37  SCV  
  23  2:52  SCV  
  23  2:53  Supply Depot  
  23  3:04  SCV  
  24  3:06  Marine  
  24  3:07  Marine  
  24  3:12  Hellion  
  28  3:15  Supply Depot  
  22  3:35  Factory Tech Lab  
  22  3:42  Starport, SCV  
  23  3:54  SCV  
  24  3:58  Orbital Command  
  24  3:59  Supply Depot  
  24  4:03  Siege Tank  
  27  4:22  Marine x2  
  27  4:41  SCV x2  
  28  4:46  Starport Reactor  
  28  4:49  Marine x2  
  30  5:00  Barracks  
  30  5:01  Barracks  
  30  5:02  Barracks  
  30  5:03  Engineering Bay  
  30  5:05  Engineering Bay  
  25  5:26  SCV x2  
  27  5:35  Missile Turret  
  27  5:38  Missile Turret, SCV x2  
  29  5:49  Missile Turret  
  29  5:50  Barracks Tech Lab, SCV x2  
  29  5:52  Barracks Tech Lab  
  29  5:55  Barracks Reactor  
  31  6:06  Medivac  
  33  6:19  Marine x2  
  33  6:21  Marauder  
  33  6:22  Marauder  
Tags
 
Add a new tag
Caveats
  • Supply blocks, unpowered buildings, or Contaminate may cause inaccurate times.
  • Supply counts are checked every 10 seconds.